qxy6, chaotic male elven Wizard ------------- ------ ------------ --------- |...........|####|....| |...........# |..)....| |............### |....| |..........|# |.......+# |...........| # |....| ---.--------# |.<.....|# #............-# ##.>...| ## # |.......|# ###|....[......|# ----.- # # |.....^.|# # ---------.--- # #((## # ------.--#### ## # --+--------- # # ## # # |@.........| # ### ### ######### ### |.(@(((((((| ### # ## ---.---- # # |.(((((((((| # # ####|......| -+-.-- |((((((((((| ### # # #.......| |....| ------------ # -----|---# |......| |....| ##.........` -------- |....| |.......| |....| |..{....| |....| --------- --.--- # qxy6 the Evoker Experience level: 2 Strength: 16 Dexterity: 8 Constitution: 14 Intelligence: 20 Wisdom: 7 Charisma: 9 Health: 0(8) Energy: 14(14) Def: 3 Gold: 229 Moves: 650 Dungeon seed: Rc2F3MnBBdA11uiK Game ID: qxy6_1467549804 Your Inventory: Coins $ - 229 gold pieces Weapons a - a blessed +1 quarterstaff (weapon in hands) p - a +0 orcish dagger Armor e - a blessed burnt +0 cloak of magic resistance (being worn) q - a blessed +2 orcish helm (being worn) Scrolls i - an uncursed scroll of scare monster j - an uncursed scroll of destroy armor Spellbooks l - a blessed spellbook of force bolt m - an uncursed spellbook of detect unseen Potions g - an uncursed potion of blindness Rings c - an uncursed ring of warning d - an uncursed ring of protection from shape changers Wands b - a wand of make invisible (0:6) Tools n - an uncursed blindfold o - an uncursed wooden harp s - an uncursed skeleton key Gems r - an uncursed worthless piece of blue glass y - 2 uncursed worthless pieces of white glass Spells and supernatural/magical abilities: Name Level Category Fail Memory a - force bolt 1 attack 0% 97% U - detect unseen 3 divination 86% 97% W - pray for help -- divine ? -- Your skills at the end: Fighting Skills Weapon Skills quarterstaff [Basic] Spellcasting Skills attack spells [Basic] enchantment spells [Basic] Final Attributes: You were piously aligned. You were magic-protected. You saw invisible. You had infravision. You are dead. Vanquished creatures: a gas spore 2 jackals 2 goblins 2 grid bugs 3 lichens a kobold zombie a newt 12 creatures vanquished. Voluntary challenges: You were an atheist. You used a wielded weapon 8 times, starting on turn 35. You were illiterate. You never genocided any monsters. You never polymorphed an object. You never changed form. You used no wishes. You never split a pudding. You never wrote Elbereth's name. You never violated your personal moral code. Dungeon overview: The Dungeons of Doom: levels 1 to 2 Level 1 a fountain a long staircase Level 2 <- You were here a hardware shop, a fountain History has recorded: On T:1 you entered the Dungeons of Doom to retrieve the Amulet of Yendor! On T:294 you advanced to experience level 2. On T:341 you reached level 2 of The Dungeons of Doom. Score breakdown: Gold: 229 ( 8033 points) Experience: 2 levels ( 5570 points) Exploration: 2 levels ( 3.92%) ( 4242 points) Discoveries: 2 items ( 0.72%) ( 2553 points) Valuables value: (no points given unless you survive) Artifact value: 0 ( 0 points) Variety of kills: 7 monsters ( 1.84%) ( 4066 points) Turncount: 650 turns ( 0 points) Survival: died (score multiplied by 80%) Total score: 19571 Latest messages: You see here a mirror (13 zorkmids). You see here a key (17 zorkmids). "For you, honored sir; only 17 for this key." s - a key (unpaid, 17 zorkmids). You bought a key for 17 gold pieces. "Thank you for shopping in Hyeghu's hardware store!" You see here a mirror (13 zorkmids). You see here a chest (420 zorkmids). You succeed in unlocking the chest. You trigger a trap! A tower of flame bursts from the chest! You stop picking the lock. Your cloak smoulders! Your scroll of light catches fire and burns! Your potion of gain energy boils and explodes! Your potion of fruit juice boils and explodes! You die... Hyeghu gratefully inherits all your possessions. Final status: Goodbye qxy6 the Wizard, killed by a boiling potion... You died in The Dungeons of Doom on dungeon level 2 with 19571 points, and 229 pieces of gold, after 650 moves. You were level 2 with a maximum of 8 hit points when you died.